 Dungeon Crawl Stone Soup version 0.30.0-10-gfe55d96785 (webtiles) character file.

Game seed: 16682698923981729334

3070 fozzywoppz the Martial Artist (level 9, -1/68 HPs)
             Began as a Demonspawn Monk on May 15, 2023.
             Was a Priest of Qazlal.
             Slain by Gastronok (30 damage)
             ... on level 9 of the Dungeon.
             The game lasted 00:14:33 (6568 turns).

fozzywoppz the Martial Artist (Demonspawn Monk)     Turns: 6568, Time: 00:14:34

Health: -1/68      AC: 17    Str: 13    XL:     9   Next: 58%
Magic:  9/9        EV: 16    Int: 12    God:    Qazlal [***...]
Gold:   408        SH:  4    Dex: 21    Spells: 8/8 levels left

rFire   + . .        v - +10 dagger "Izem" {flame, Dex+3}
rCold   . . .        c - orb {light}
rNeg    . . .        a - +0 robe
rPois   .            (helmet restricted)
rElec   .            f - +2 cloak
rCorr   +            g - +0 pair of gloves
SInv    .            m - +2 pair of boots
Will    .....        D - amulet of regeneration
Stlth   +            s - ring of protection from fire
HPRegen 1.11/turn    H - +4 ring of protection
MPRegen 0.11/turn

%: no passive effects
@: glowing
A: yellow scales 3, foul stench 1, powered by pain 2, antennae 1
a: Renounce Religion, Upheaval, Elemental Force


You were on level 9 of the Dungeon.
You worshipped Qazlal.
Qazlal was most pleased with you.
You visited 2 branches of the dungeon, and saw 10 of its levels.

You collected 558 gold pieces.
You spent 150 gold pieces at shops.

Inventory:

Hand Weapons
 v - the +10 dagger "Izem" (weapon) {flame, Dex+3}
   (You found it on level 4 of the Dungeon)

   Dex:       It affects your dexterity (+3).
Armour
 a - a +0 robe (worn)
 c - an orb of light (worn)
 f - a +2 cloak (worn)
 g - a +0 pair of gloves (worn)
 m - a +2 pair of boots (worn)
Jewellery
 s - a ring of protection from fire (left hand)
 B - the ring "Kolibreji" {rF+ rC+ Str-4 Dex+4}
   (You found it on level 5 of the Dungeon)

   [ring of protection from cold]

   Str:       It affects your strength (-4).
   Dex:       It affects your dexterity (+4).
   rF:        It protects you from fire.
   rC:        It protects you from cold.
 D - an amulet of regeneration (around neck)
 H - a +4 ring of protection (right hand)
 I - a ring of positive energy
 J - a ring of magical power
Wands
 o - a wand of light (12)
 r - a wand of flame (30)
 t - a wand of iceblast (5)
 y - a wand of mindburst (21)
Scrolls
 d - 2 scrolls of noise
 i - 2 scrolls of identify
 p - 3 scrolls of enchant armour
 q - a scroll of fog {unknown}
 w - a scroll of magic mapping {unknown}
 x - a scroll of fear {unknown}
 E - 2 scrolls of teleportation
 F - a scroll of amnesia {unknown}
 G - a scroll of torment {unknown}
 K - a scroll of enchant weapon
Potions
 b - a potion of ambrosia
 e - 2 potions of attraction
 h - a potion of mutation
 j - 5 potions of heal wounds
 k - a potion of haste
 l - 4 potions of curing
 n - a potion of cancellation
 u - 2 potions of lignification
 z - 2 potions of berserk rage
 A - 3 potions of invisibility
 C - a potion of flight


   Skills:
 - Level 5.0 Fighting
 - Level 6.0 Dodging
 + Level 10.9 Unarmed Combat


You had 8 spell levels left.
You didn't know any spells.
Your spell library contained the following spells:

 Spells                   Type           Power      Damage    Failure   Level
 Kiss of Death            Conj/Necr      0%         2d5       32%         1
 Sublimation of Blood     Necr           0%         N/A       45%         2
 Confusing Touch          Hex            0%         N/A       69%         3
 Dazzling Flash           Conj/Hex       0%         N/A       69%         3
 Portal Projectile        Hex/Tloc       0%         N/A       69%         3
 Tukima's Dance           Hex            0%         N/A       69%         3
 Volatile Blastmotes      Fire/Tloc      0%         2d10      69%         3
 Dispel Undead            Necr           0%         3d6       97%         4
 Iskenderun's Mystic Bla  Conj/Tloc      0%         2d3       97%         4
 Petrify                  Tmut/Erth      0%         N/A       97%         4
 Blade Hands              Tmut           0%         N/A       100%        5
 Irradiate                Conj/Tmut      0%         3d11      100%        5
 Starburst                Conj/Fire      0%         6d3       100%        6


Dungeon Overview and Level Annotations

Branches:
Dungeon (9/15)             Temple (1/1) D:5
   Lair: D:8-11         Orc: D:9-12

Altars:
Ashenzari
Cheibriados
Dithmenos
Fedhas
Gozag
Hepliaklqana
Kikubaaqudgha
Nemelex Xobeh
Okawaru
Qazlal
Ru
Sif Muna
Trog
Uskayaw
Vehumet
Wu Jian
Xom
Yredelemnul

Shops:
D:2 [   D:5 *   D:6 =

Annotations:
D:9 Gastronok


Innate Abilities, Weirdness & Mutations

You are completely covered in yellow scales. (AC +4, rCorr)
You may rarely emit foul miasma when damaged in melee.
You sometimes gain power by taking damage.
You have a pair of small antennae on your head.


Message History

Gastronok is moderately wounded.
Gastronok misses you.
You puncture Gastronok! You burn Gastronok.
Gastronok is heavily wounded.
You hit Gastronok but do no damage.
Gastronok is heavily wounded.
Gastronok casts a spell.
Gastronok puts on a burst of speed!
You puncture Gastronok! You burn Gastronok.
Gastronok is heavily wounded.
You puncture Gastronok! You burn Gastronok.
Gastronok is heavily wounded.
Gastronok misses you.
You hit Gastronok. You burn Gastronok.
Gastronok is severely wounded.
You hit Gastronok. You burn Gastronok.
Gastronok is severely wounded.
Gastronok bites you!
You puncture Gastronok! You burn Gastronok.
Gastronok is severely wounded.
You hit Gastronok. You burn Gastronok.
Gastronok is almost dead.
You block Gastronok's attack.
You puncture Gastronok! You burn Gastronok.
Gastronok is almost dead.
You hit Gastronok. You burn Gastronok.
Gastronok is almost dead.
Gastronok sloshes about.
Gastronok closely misses you.
You completely miss Gastronok.
Gastronok is almost dead.
You hit Gastronok. You burn Gastronok.
Gastronok is almost dead.
Gastronok bites you!!
You hit Gastronok. You burn Gastronok.
Gastronok is almost dead.
You hit Gastronok. You burn Gastronok.
Gastronok is almost dead.
Gastronok bites you!!
You die...

#. ..
#.#.## #
#.#.. . .
#.#.#.# ..
#.#.#.#...
#....>....
#°).......
#)@....#
#)#w..<...
#)#.......
#.#....###
#.#....#
#.#....#
#.#....#
#.#.....
#####.##


You could see Gastronok (swift).

Vanquished Creatures
  Prince Ribbit (D:7)
  A vampire (D:9)
  Edmund (D:6)
  Duvessa (D:7)
  A water moccasin (D:8)
  2 sky beasts (D:8)
  An ice beast (D:8)
  4 black bears
  2 centaurs (D:7)
  2 phantoms
  4 kobold brigands
  3 bullfrogs
  A gnoll sergeant (D:7)
  A scorpion (D:5)
  Dowan (D:7)
  A gnoll bouda (D:7)
  6 hounds
  2 orc priests (D:7)
  2 sleepcaps
  An iguana (D:6)
  7 orc wizards
  Natasha (twice) (D:2)
  11 gnolls
  6 adders
  A white imp (D:5)
  2 ufetubi (D:5)
  4 dart slugs
  15 orcs
  8 bats
  An endoplasm (D:4)
  6 giant cockroaches
  6 goblins
  7 hobgoblins
  32 kobolds
  6 quokkas
  4 ball pythons
  A frilled lizard (D:3)
  5 rats
162 creatures vanquished.

Notes
Turn   | Place    | Note
-------+----------+-------------------------------------------
     0 | D:1      | fozzywoppz the Demonspawn Monk began the quest for the Orb.
     0 | D:1      | Reached XP level 1. HP: 18/18 MP: 1/1
   172 | D:1      | Gained mutation: You sometimes gain a little power by
                  | taking damage. [demonic ancestry]
   172 | D:1      | Reached XP level 2. HP: 24/24 MP: 2/2
   209 | D:1      | Reached skill level 3 in Unarmed Combat
   522 | D:1      | Found a faded altar of an unknown god.
   529 | D:1      | Gained mutation: You are partially covered in yellow
                  | scales. (AC +2) [demonic ancestry]
   529 | D:1      | Reached XP level 3. HP: 29/29 MP: 3/3
   832 | D:2      | Found a shimmering altar of Xom.
   863 | D:2      | Found Pimar's Antique Armour Emporium.
  1383 | D:2      | Noticed Natasha
  1404 | D:2      | Killed Natasha
  1405 | D:2      | Reached XP level 4. HP: 20/37 MP: 4/4
  2205 | D:2      | Noticed Natasha
  2212 | D:2      | Gained mutation: You have a pair of small antennae on your
                  | head. [potion of mutation]
  2220 | D:2      | Killed Natasha
  2221 | D:2      | Gained mutation: You may rarely emit foul miasma when
                  | damaged in melee. [demonic ancestry]
  2221 | D:2      | Reached XP level 5. HP: 7/42 MP: 5/5
  2524 | D:3      | Identified the +4 whip of the Eternal Warrior {venom, rF++
                  | Will+ rCorr Int-5}
  2850 | D:4      | Noticed a black bear
  2929 | D:4      | Found a radiant altar of Vehumet.
  2963 | D:4      | Noticed a black bear
  2973 | D:4      | Killed a black bear
  2974 | D:4      | Reached skill level 4 in Unarmed Combat
  2974 | D:4      | Gained mutation: You are mostly covered in yellow scales.
                  | (AC +3) [demonic ancestry]
  2974 | D:4      | Reached XP level 6. HP: 43/49 MP: 6/6
  3107 | D:4      | Reached skill level 5 in Fighting
  3164 | D:4      | Identified the +10 dagger "Izem" {flame, Dex+3}
  3412 | D:5      | Entered Level 5 of the Dungeon
  3414 | D:5      | Identified the ring "Kolibreji" {rF+ rC+ Str-4 Dex+4}
  3425 | D:5      | Found a staircase to the Ecumenical Temple.
  3456 | Temple   | Entered the Ecumenical Temple
  3480 | Temple   | Became a worshipper of Qazlal Stormbringer
  3480 | Temple   | Reached * piety under Qazlal
  3480 | Temple   | Reached ** piety under Qazlal
  3538 | D:5      | Reached XP level 7. HP: 54/56 MP: 7/7
  3541 | D:5      | Reached skill level 5 in Dodging
  3541 | D:5      | Reached skill level 5 in Unarmed Combat
  3569 | D:5      | Found a bloodstained altar of Trog.
  3813 | D:5      | Found Seist's General Store.
  3817 | D:5      | Bought a potion of haste for 150 gold pieces
  3887 | D:5      | Found a shimmering blue altar of Sif Muna.
  4248 | D:6      | Noticed an angel
  4323 | D:6      | Noticed Edmund
  4324 | D:6      | Found Owybioq's Jewellery Shoppe.
  4337 | D:6      | Killed Edmund
  4338 | D:6      | Reached skill level 6 in Unarmed Combat
  4338 | D:6      | Gained mutation: You are completely covered in yellow
                  | scales. (AC +4, rCorr) [demonic ancestry]
  4338 | D:6      | Reached XP level 8. HP: 46/62 MP: 8/8
  4415 | D:6      | Reached skill level 7 in Unarmed Combat
  4803 | D:6      | Found an ornate altar of the Wu Jian Council.
  4961 | D:7      | Reached skill level 8 in Unarmed Combat
  4967 | D:7      | Reached *** piety under Qazlal
  5272 | D:7      | Noticed Prince Ribbit
  5277 | D:7      | Killed Prince Ribbit
  5278 | D:7      | Reached skill level 9 in Unarmed Combat
  5278 | D:7      | Gained mutation: You sometimes gain power by taking damage.
                  | [demonic ancestry]
  5278 | D:7      | Reached XP level 9. HP: 62/68 MP: 9/9
  5370 | D:7      | Found a broken altar of Ashenzari.
  5394 | D:7      | Found a hazy altar of Hepliaklqana.
  5424 | D:7      | Noticed Duvessa
  5427 | D:7      | Noticed Dowan
  5439 | D:7      | Killed Duvessa
  5441 | D:7      | Killed Dowan
  5992 | D:8      | Reached skill level 10 in Unarmed Combat
  6123 | D:8      | Found a blossoming altar of Fedhas.
  6538 | D:9      | Noticed Gastronok
  6568 | D:9      | Slain by Gastronok

Illustrated notes

Levels and vault maps discovered:
D:1:      denvon_arrival_planthouse, layout_rooms,
          chequers_ecumenical_altar_simple_redux
D:2:      layout_basic, serial_shops, nicolae_shop_advertising_works
          [nicolae_subvault_shop_adworks], basic_altar, uniq_natasha
D:3:      minmay_chambers_of_twos, layout_basic, minivault_23
D:4:      layout_cave_pools, mainiacjoe_overflow_paths
D:5:      layout_basic, mainiacjoe_overflow_concentric_impassable,
          mainiacjoe_overflow_boulevard, minmay_temple_entry_mist, serial_shops,
          nicolae_shop_pleasant_corner_grove, st_stairs_3, kennysheep_potato
D:6:      layout_loops_ring, zin_angel, nicolae_wu_jian_immortal_techniques,
          serial_shops, shop, grunt_decor_junction,
          minmay_a_box_with_orc_wizards_in_it, uniq_edmund
D:7:      layout_basic, nicolae_overflow_hidden_temple, abandoned_shop,
          uniq_prince_ribbit1, uniq_duvessa
D:8:      layout_loops_ring, fedhas_altar_2, corexii_checkpoint_b
D:9:      nzn_winding_woodlands_small [nzn_winding_woodlands_5x15_crooked,
          nzn_winding_woodlands_center_pierced_h,
          nzn_winding_woodlands_5x15_cabin], layout_basic, uniq_gastronok,
          uniq_harold, uniq_grum
Temple:   nicolae_temple_x_marks_the_god

Skill      XL: |  1  2  3  4  5  6  7  8  9 |
---------------+----------------------------+-----
Unarmed Combat | 3 4 6 9 10 | 10.9
Dodging        | 3 4 6 |  6.0
Fighting       | 4 5 |  5.0

Action                     |  1- 3 |  4- 6 |  7- 9 || total
---------------------------+-------+-------+-------++-------
  Melee: Unarmed           |   143 |   126 |       ||   269
         Dagger            |       |     9 |   241 ||   250
  Evoke: Wand              |       |     3 |     3 ||     6
    Use: Potion            |     3 |     3 |       ||     6
         Scroll            |       |       |    10 ||    10
   Stab: Sleeping          |       |     1 |       ||     1
         Invisible         |       |       |     4 ||     4
 Armour: Robe              |    53 |    56 |    81 ||   190
  Dodge: Dodged            |    91 |   109 |   159 ||   359
  Block: Orb               |       |     1 |    44 ||    45
